[ AOE2 MATCH · #467207237 ]
UnrankedSlavs vs Japanese
[ REPLAY ANALYSIS · EXTRACTED FROM THE RECORDED GAME ]
Feudal
12:13
Castle
16:08
Imperial
—
| APM avg | 35.1 |
| APM peak | 84 |
| eAPM avg | 20.4 |
| Villagers / military | 112 / 30 |
Focus
⚔️ 16.6% · 🌾 83.4%
Mangonel ×13 · Scorpion ×9 · Spearman ×8 · Fishing Ship ×5
Feudal
11:58
Castle
15:47
Imperial
28:17
| APM avg | 54.7 |
| APM peak | 79 |
| eAPM avg | 29.3 |
| Villagers / military | 100 / 96 |
Focus
⚔️ 19.2% · 🌾 80.8%
Archer ×83 · Fishing Ship ×26 · Trebuchet (Packed) ×11 · Monk ×2
Feudal
—
Castle
—
Imperial
—
| APM avg | 42.5 |
| APM peak | 118 |
| eAPM avg | 22.1 |
| Villagers / military | 98 / 56 |
Focus
⚔️ 20.6% · 🌾 79.4%
Janissary ×47 · Fishing Ship ×7 · Bombard Cannon ×5 · Scout Cavalry ×4
Feudal
—
Castle
—
Imperial
—
| APM avg | 30.4 |
| APM peak | 70 |
| eAPM avg | 17.9 |
| Villagers / military | 39 / 0 |
Focus
⚔️ 45.5% · 🌾 54.5%
Fishing Ship ×8
Feudal
10:22
Castle
21:26
Imperial
33:59
| APM avg | 23.3 |
| APM peak | 79 |
| eAPM avg | 18.4 |
| Villagers / military | 145 / 40 |
Focus
⚔️ 14.8% · 🌾 85.2%
Knight ×30 · Trade Cart ×9 · Scout Cavalry ×4 · Monk ×3 · Trebuchet (Packed) ×2 · Spearman ×1
Feudal
9:41
Castle
16:41
Imperial
—
| APM avg | 48.6 |
| APM peak | 91 |
| eAPM avg | 21.9 |
| Villagers / military | 105 / 69 |
Focus
⚔️ 35.2% · 🌾 64.8%
Fire Lancer ×55 · Battering Ram ×11 · Iron Pagoda ×2 · Scout Cavalry ×1
Feudal
20:01
Castle
33:25
Imperial
—
| APM avg | 26.7 |
| APM peak | 66 |
| eAPM avg | 17.1 |
| Villagers / military | 101 / 10 |
Focus
⚔️ 28.0% · 🌾 72.0%
Fishing Ship ×9 · Militia ×7 · Galley ×1 · Konnik ×1 · Battering Ram ×1
Feudal
10:56
Castle
22:14
Imperial
33:18
| APM avg | 20.7 |
| APM peak | 40 |
| eAPM avg | 16.3 |
| Villagers / military | 115 / 19 |
Focus
⚔️ 30.3% · 🌾 69.7%
Skirmisher ×10 · Plumed Archer ×9 · Fishing Ship ×3
Match map
Initial resources + every placement click. Lines = walls · curves = elevation contours. ◆ gold · ⬟ stone · ● berries · ✦ relic · ◌ wall gap
Your base· Open — unwalled flank
busy pushing deer's base· ✓ Closed at 15:47 · 0t walls · no gate
KristianIII's base· Open — unwalled flank
Retired SweatLord's base· Open — unwalled flank
TigerGecko's base· Open — unwalled flank
Thundernips, The Ultimate Gigolo's base· ✓ Closed at 16:41 · 20t walls · no gate
gyNNNNN's base· Open — 7t gap
BruToO's base· ✓ Closed at 22:14 · 56t walls · 2 gate(s)
Smoothed initial terrain · ◌ = detected wall gap · hover for details
Inputs per minute
— lichu_pastore - - busy pushing deer
Build order — lichu_pastore
First 150 of 228 actions detected
| 0:00 | Create | Villager (Male) |
| 0:01 | Create | Villager (Male) |
| 0:03 | Build | House |
| 0:04 | Build | House |
| 0:20 | Create | Villager (Male) ×2 |
| 0:20 | Create | Villager (Male) ×2 |
| 1:28 | Create | Villager (Male) |
| 1:28 | Create | Villager (Male) |
| 1:58 | Build | Lumber Camp |
| 1:59 | Create | Villager (Male) |
| 2:00 | Create | Villager (Male) |
| 2:00 | Create | Villager (Male) |
| 2:20 | Create | Villager (Male) |
| 2:20 | Create | Villager (Male) |
| 2:20 | Create | Villager (Male) |
| 2:46 | Create | Villager (Male) |
| 2:46 | Create | Villager (Male) |
| 2:47 | Create | Villager (Male) |
| 3:06 | Create | Villager (Male) |
| 3:06 | Create | Villager (Male) |
| 3:06 | Create | Villager (Male) |
| 3:33 | Build | House |
| 3:39 | Create | Villager (Male) |
| 3:39 | Create | Villager (Male) |
| 3:40 | Create | Villager (Male) |
| 3:49 | Create | Villager (Male) |
| 3:50 | Create | Villager (Male) |
| 4:30 | Create | Villager (Male) |
| 4:30 | Create | Villager (Male) |
| 4:30 | Create | Villager (Male) |
| 4:49 | Create | Villager (Male) |
| 4:50 | Create | Villager (Male) |
| 4:56 | Build | Dock |
| 5:08 | Build | House |
| 5:08 | Build | House |
| 5:08 | Build | House |
| 5:15 | Create | Villager (Male) |
| 5:15 | Create | Villager (Male) |
| 5:15 | Create | Villager (Male) |
| 5:38 | Create | Villager (Male) |
| 5:38 | Create | Villager (Male) |
| 5:38 | Create | Villager (Male) |
| 5:41 | Create | Fishing Ship |
| 6:16 | Create | Fishing Ship |
| 6:41 | Create | Villager (Male) |
| 6:41 | Create | Villager (Male) |
| 6:41 | Create | Villager (Male) |
| 6:52 | Create | Fishing Ship |
| 7:12 | Create | Villager (Male) |
| 7:13 | Create | Villager (Male) |
| 7:41 | Create | Villager (Male) |
| 7:41 | Create | Villager (Male) |
| 8:00 | Build | Mill |
| 8:27 | Create | Villager (Male) |
| 8:27 | Create | Villager (Male) |
| 8:38 | Build | Mill |
| 8:58 | Build | Mining Camp |
| 9:22 | Research | Loom |
| 9:30 | Create | Fishing Ship |
| 9:40 | Build | House |
| 9:40 | Build | House |
| 9:41 | Build | House |
| 10:03 | Research | Feudal Age |
| 10:03 | Research | Feudal Age |
| 10:17 | Build | House |
| 10:31 | Create | Fishing Ship |
| 11:49 | Create | Villager (Male) |
| 11:49 | Create | Villager (Male) |
| 11:50 | Create | Villager (Male) |
| 12:13 | Age | Feudal Age |
| 12:17 | Build | Market |
| 12:20 | Build | Blacksmith |
| 12:42 | Build | Barracks |
| 12:48 | Build | House |
| 13:16 | Research | Castle Age |
| 13:16 | Research | Castle Age |
| 13:16 | Research | Castle Age |
| 13:29 | Build | House |
| 13:47 | Research | Double-Bit Axe |
| 13:48 | Research | Double-Bit Axe |
| 13:48 | Research | Double-Bit Axe |
| 14:06 | Create | Spearman |
| 14:07 | Create | Spearman |
| 14:09 | Create | Spearman |
| 14:09 | Create | Spearman |
| 14:29 | Build | House |
| 14:32 | Create | Spearman |
| 14:57 | Create | Spearman |
| 15:25 | Research | Wheelbarrow |
| 15:50 | Build | Fish Trap |
| 15:51 | Build | Fish Trap |
| 15:51 | Build | Fish Trap |
| 15:52 | Build | Fish Trap |
| 15:52 | Build | Fish Trap |
| 15:53 | Build | Fish Trap |
| 16:08 | Age | Castle Age |
| 16:15 | Build | Siege Workshop |
| 16:21 | Create | Villager (Male) |
| 16:22 | Create | Villager (Male) |
| 16:22 | Create | Villager (Male) |
| 16:43 | Create | Villager (Male) |
| 16:44 | Create | Villager (Male) |
| 17:00 | Create | Mangonel |
| 17:08 | Build | House |
| 17:25 | Create | Mangonel |
| 18:03 | Create | Mangonel |
| 18:40 | Create | Mangonel |
| 19:11 | Build | Town Center |
| 19:17 | Create | Villager (Male) |
| 19:17 | Create | Villager (Male) |
| 19:27 | Create | Mangonel |
| 19:42 | Build | House |
| 20:10 | Create | Villager (Male) |
| 20:10 | Create | Villager (Male) |
| 20:26 | Create | Scorpion |
| 20:30 | Build | House |
| 20:31 | Build | House |
| 20:31 | Build | House |
| 20:33 | Create | Villager (Male) |
| 20:38 | Build | Town Center |
| 20:44 | Create | Villager (Male) |
| 20:44 | Create | Villager (Male) |
| 20:44 | Create | Villager (Male) |
| 21:14 | Create | Mangonel |
| 21:36 | Create | Villager (Male) |
| 21:36 | Create | Villager (Male) |
| 21:36 | Create | Villager (Male) |
| 21:40 | Build | Farm |
| 21:40 | Build | Farm |
| 21:41 | Build | Farm |
| 21:41 | Build | Farm |
| 21:41 | Build | Farm |
| 21:42 | Build | Farm |
| 21:42 | Build | Farm |
| 21:42 | Build | Farm |
| 21:42 | Build | Farm |
| 21:51 | Research | Horse Collar |
| 21:51 | Research | Horse Collar |
| 21:52 | Research | Horse Collar |
| 22:02 | Build | House |
| 22:25 | Create | Villager (Male) |
| 22:25 | Create | Villager (Male) |
| 22:37 | Build | Farm |
| 22:37 | Build | Farm |
| 22:37 | Build | Farm |
| 23:13 | Create | Spearman |
| 23:13 | Create | Spearman |
| 23:40 | Build | Siege Workshop |
| 23:49 | Create | Villager (Male) |
| 23:50 | Create | Villager (Male) |
Build order — busy pushing deer
First 150 of 383 actions detected
| 0:01 | Create | Villager (Male) |
| 0:01 | Create | Villager (Male) |
| 0:02 | Create | Villager (Male) |
| 0:03 | Build | House |
| 0:04 | Build | House |
| 0:14 | Create | Villager (Male) |
| 0:14 | Create | Villager (Male) |
| 1:23 | Create | Villager (Male) |
| 1:49 | Build | Lumber Camp |
| 2:10 | Create | Villager (Male) |
| 2:10 | Create | Villager (Male) |
| 2:13 | Build | House |
| 2:23 | Create | Villager (Male) |
| 2:23 | Create | Villager (Male) |
| 2:51 | Create | Villager (Male) |
| 3:09 | Create | Villager (Male) |
| 3:39 | Create | Villager (Male) |
| 3:39 | Create | Villager (Male) |
| 3:51 | Create | Villager (Male) |
| 4:24 | Build | Dock |
| 4:34 | Create | Villager (Male) |
| 4:34 | Create | Villager (Male) |
| 5:06 | Create | Fishing Ship |
| 5:09 | Build | House |
| 5:16 | Create | Villager (Male) |
| 5:16 | Create | Villager (Male) |
| 5:25 | Create | Villager (Male) |
| 5:25 | Create | Villager (Male) |
| 5:50 | Build | House |
| 5:57 | Create | Fishing Ship |
| 6:28 | Create | Villager (Male) |
| 6:28 | Create | Villager (Male) |
| 6:28 | Create | Villager (Male) |
| 6:35 | Create | Fishing Ship |
| 7:07 | Create | Villager (Male) |
| 7:10 | Create | Fishing Ship |
| 7:27 | Create | Villager (Male) |
| 7:49 | Create | Villager (Male) |
| 7:59 | Create | Villager (Male) |
| 8:04 | Build | Mining Camp |
| 8:27 | Create | Villager (Male) |
| 8:30 | Build | House |
| 8:32 | Create | Fishing Ship |
| 8:44 | Build | Mill |
| 8:52 | Create | Fishing Ship |
| 9:02 | Create | Villager (Male) |
| 9:48 | Research | Feudal Age |
| 9:48 | Research | Feudal Age |
| 9:54 | Create | Fishing Ship |
| 9:59 | Build | House |
| 10:21 | Build | Mill |
| 10:24 | Build | House |
| 11:05 | Create | Fishing Ship |
| 11:51 | Create | Fishing Ship |
| 11:58 | Age | Feudal Age |
| 12:01 | Build | Market |
| 12:04 | Build | Blacksmith |
| 12:08 | Create | Villager (Male) |
| 12:09 | Create | Villager (Male) |
| 12:17 | Build | Fish Trap |
| 12:24 | Build | Fish Trap |
| 13:08 | Research | Castle Age |
| 13:08 | Research | Castle Age |
| 13:14 | Build | Fish Trap |
| 13:15 | Build | Fish Trap |
| 13:38 | Build | House |
| 13:45 | Research | Double-Bit Axe |
| 14:16 | Build | Fish Trap |
| 14:18 | Build | Fish Trap |
| 14:21 | Build | Fish Trap |
| 14:48 | Build | Fish Trap |
| 14:50 | Build | Fish Trap |
| 15:47 | Age | Castle Age |
| 15:49 | Create | Villager (Male) |
| 15:53 | Build | Town Center |
| 15:54 | Research | Bow Saw |
| 15:56 | Create | Villager (Male) |
| 16:25 | Build | Town Center |
| 16:31 | Create | Villager (Male) |
| 16:37 | Create | Fishing Ship |
| 16:44 | Create | Villager (Male) |
| 16:51 | Research | Horse Collar |
| 17:08 | Create | Villager (Male) |
| 17:16 | Build | Dock |
| 17:29 | Create | Fishing Ship |
| 17:31 | Create | Villager (Male) |
| 17:31 | Create | Villager (Male) |
| 17:34 | Build | Farm |
| 17:41 | Create | Villager (Male) |
| 17:41 | Create | Villager (Male) |
| 17:44 | Create | Fishing Ship |
| 17:48 | Create | Villager (Male) |
| 17:54 | Build | Farm |
| 17:56 | Create | Villager (Male) |
| 17:58 | Build | Farm |
| 18:03 | Build | Fish Trap |
| 18:06 | Build | House |
| 18:07 | Build | House |
| 18:09 | Build | House |
| 18:11 | Create | Villager (Male) |
| 18:15 | Create | Villager (Male) |
| 18:23 | Create | Fishing Ship |
| 18:25 | Create | Villager (Male) |
| 18:25 | Create | Villager (Male) |
| 18:31 | Build | Lumber Camp |
| 18:37 | Create | Villager (Male) |
| 18:37 | Create | Villager (Male) |
| 18:39 | Build | Farm |
| 18:41 | Create | Fishing Ship |
| 18:42 | Create | Fishing Ship |
| 18:47 | Create | Villager (Male) |
| 18:47 | Create | Villager (Male) |
| 18:50 | Build | House |
| 18:51 | Build | House |
| 18:54 | Build | Fish Trap |
| 18:59 | Create | Villager (Male) |
| 19:01 | Build | Farm |
| 19:06 | Create | Villager (Male) |
| 19:08 | Build | Fish Trap |
| 19:16 | Build | Fish Trap |
| 19:19 | Create | Villager (Male) |
| 19:19 | Create | Villager (Male) |
| 19:22 | Build | Lumber Camp |
| 19:29 | Create | Villager (Male) |
| 19:36 | Create | Villager (Male) |
| 19:39 | Build | Fish Trap |
| 19:43 | Create | Fishing Ship |
| 19:43 | Create | Fishing Ship |
| 19:49 | Build | Fish Trap |
| 19:50 | Create | Villager (Male) |
| 19:50 | Create | Villager (Male) |
| 20:06 | Create | Villager (Male) |
| 20:21 | Create | Fishing Ship |
| 20:21 | Create | Fishing Ship |
| 20:22 | Create | Villager (Male) |
| 20:22 | Create | Villager (Male) |
| 20:26 | Build | Monastery |
| 20:28 | Create | Villager (Male) |
| 20:30 | Build | Farm |
| 20:32 | Build | Farm |
| 20:35 | Build | Farm |
| 20:35 | Build | Farm |
| 20:39 | Research | Heavy Plow |
| 20:44 | Research | Wheelbarrow |
| 20:50 | Build | Lumber Camp |
| 20:56 | Create | Villager (Male) |
| 21:06 | Build | Fish Trap |
| 21:11 | Build | Fish Trap |
| 21:15 | Build | Fish Trap |
| 21:16 | Create | Villager (Male) |
Build order — KristianIII
First 150 of 293 actions detected
| 0:02 | Create | Villager (Male) |
| 0:02 | Create | Villager (Male) |
| 0:03 | Create | Villager (Male) |
| 0:04 | Build | House |
| 0:05 | Build | House |
| 0:20 | Create | Villager (Male) |
| 1:25 | Create | Villager (Male) |
| 2:00 | Create | Villager (Male) |
| 2:05 | Build | Lumber Camp |
| 2:20 | Create | Villager (Male) |
| 2:50 | Create | Villager (Male) |
| 3:05 | Create | Villager (Male) |
| 3:33 | Create | Villager (Male) |
| 4:06 | Build | Dock |
| 4:10 | Create | Villager (Male) |
| 4:21 | Build | House |
| 4:27 | Create | Villager (Male) |
| 5:04 | Create | Villager (Male) |
| 5:05 | Create | Villager (Male) |
| 5:10 | Create | Fishing Ship |
| 5:10 | Create | Fishing Ship |
| 5:22 | Build | House |
| 5:40 | Create | Villager (Male) |
| 5:56 | Create | Fishing Ship |
| 6:16 | Build | House |
| 6:22 | Create | Villager (Male) |
| 6:22 | Create | Villager (Male) |
| 6:28 | Create | Villager (Male) |
| 6:37 | Create | Villager (Male) |
| 6:47 | Create | Fishing Ship |
| 6:48 | Create | Fishing Ship |
| 7:21 | Build | House |
| 7:39 | Create | Fishing Ship |
| 7:43 | Create | Villager (Male) |
| 8:29 | Create | Villager (Male) |
| 8:55 | Build | Mill |
| 8:55 | Create | Villager (Male) |
| 8:58 | Research | Feudal Age |
| 9:55 | Build | Barracks |
| 11:10 | Create | Villager (Male) |
| 11:10 | Create | Villager (Male) |
| 11:36 | Build | Stable |
| 11:38 | Build | Palisade Wall |
| 11:39 | Build | Palisade Wall |
| 11:41 | Build | Palisade Wall |
| 11:55 | Build | Market |
| 12:11 | Build | Farm |
| 12:13 | Create | Villager (Male) |
| 12:32 | Research | Double-Bit Axe |
| 12:39 | Create | Scout Cavalry |
| 12:39 | Create | Scout Cavalry |
| 12:58 | Build | Blacksmith |
| 12:59 | Create | Villager (Male) |
| 13:10 | Research | Castle Age |
| 13:10 | Research | Castle Age |
| 13:46 | Create | Scout Cavalry |
| 13:54 | Build | Farm |
| 13:56 | Build | Farm |
| 14:05 | Build | Farm |
| 14:11 | Build | Mining Camp |
| 14:22 | Build | Farm |
| 14:26 | Build | Farm |
| 14:55 | Build | Farm |
| 15:05 | Build | Farm |
| 15:17 | Research | Horse Collar |
| 15:17 | Research | Horse Collar |
| 15:19 | Create | Scout Cavalry |
| 15:37 | Build | Fish Trap |
| 15:49 | Create | Villager (Male) |
| 16:03 | Build | Fish Trap |
| 16:09 | Build | Farm |
| 16:11 | Build | Farm |
| 16:14 | Research | Wheelbarrow |
| 16:45 | Build | Fish Trap |
| 16:54 | Create | Villager (Male) |
| 16:56 | Build | Fish Trap |
| 18:06 | Build | Town Center |
| 18:10 | Create | Villager (Male) |
| 18:37 | Create | Villager (Male) |
| 18:38 | Create | Villager (Male) |
| 19:06 | Create | Villager (Male) |
| 19:09 | Build | House |
| 19:30 | Create | Villager (Male) |
| 19:30 | Create | Villager (Male) |
| 19:31 | Create | Villager (Male) |
| 19:34 | Build | Farm |
| 19:44 | Build | Siege Workshop |
| 20:21 | Create | Villager (Male) |
| 20:21 | Create | Villager (Male) |
| 20:23 | Research | Hand Cart |
| 20:41 | Build | Mining Camp |
| 20:42 | Create | Villager (Male) |
| 20:42 | Create | Villager (Male) |
| 20:55 | Build | Farm |
| 21:26 | Create | Villager (Male) |
| 21:26 | Create | Villager (Male) |
| 21:30 | Build | University |
| 21:50 | Build | House |
| 21:51 | Build | House |
| 21:58 | Research | Loom |
| 22:00 | Create | Villager (Male) |
| 22:21 | Create | Villager (Male) |
| 22:21 | Create | Villager (Male) |
| 22:29 | Research | Imperial Age |
| 22:37 | Build | Farm |
| 22:39 | Research | Bow Saw |
| 22:39 | Research | Bow Saw |
| 23:21 | Create | Villager (Male) |
| 23:21 | Create | Villager (Male) |
| 23:43 | Build | House |
| 23:45 | Build | House |
| 23:58 | Build | University |
| 24:06 | Build | Farm |
| 24:08 | Build | Farm |
| 24:32 | Build | Castle |
| 24:36 | Build | House |
| 24:37 | Build | House |
| 24:39 | Create | Villager (Male) |
| 24:40 | Create | Villager (Male) |
| 24:44 | Create | Villager (Male) |
| 24:50 | Build | House |
| 24:52 | Build | House |
| 24:52 | Build | House |
| 24:53 | Build | House |
| 24:56 | Build | House |
| 24:57 | Build | House |
| 24:58 | Build | House |
| 25:13 | Research | Padded Archer Armor |
| 25:38 | Create | Villager (Male) |
| 25:40 | Create | Villager (Male) |
| 25:45 | Create | Fishing Ship |
| 25:49 | Research | Tech 906 |
| 26:18 | Create | Villager (Male) |
| 26:20 | Build | Farm |
| 26:21 | Build | Farm |
| 26:23 | Build | Farm |
| 26:26 | Build | Farm |
| 26:34 | Build | Farm |
| 26:34 | Create | Villager (Male) |
| 26:35 | Create | Villager (Male) |
| 26:36 | Create | Villager (Male) |
| 26:43 | Create | Bombard Cannon |
| 26:44 | Create | Bombard Cannon |
| 26:50 | Build | Lumber Camp |
| 26:59 | Build | Farm |
| 27:03 | Research | Elite Janissary (upgrade) |
| 27:03 | Research | Elite Janissary (upgrade) |
| 27:05 | Research | Conscription |
| 27:11 | Create | Villager (Male) |
| 27:14 | Build | Farm |
Build order — Retired SweatLord
66 actions detected in the replay
| 0:00 | Research | Loom |
| 0:01 | Create | Villager (Male) |
| 0:01 | Create | Villager (Male) |
| 0:01 | Create | Villager (Male) |
| 0:02 | Build | House |
| 0:03 | Build | House |
| 0:25 | Create | Villager (Male) |
| 0:25 | Create | Villager (Male) |
| 1:36 | Build | Lumber Camp |
| 1:45 | Create | Villager (Male) |
| 2:42 | Create | Villager (Male) ×2 |
| 3:19 | Create | Villager (Male) ×2 |
| 4:05 | Create | Villager (Male) |
| 4:15 | Build | House |
| 4:40 | Create | Villager (Male) |
| 4:40 | Create | Villager (Male) |
| 5:24 | Create | Villager (Male) |
| 6:31 | Build | Town Center |
| 10:05 | Build | Dock |
| 10:10 | Build | Palisade Wall |
| 10:11 | Build | Palisade Wall |
| 10:17 | Build | House |
| 10:21 | Build | Palisade Wall |
| 10:23 | Build | Palisade Wall |
| 11:29 | Create | Fishing Ship |
| 11:30 | Create | Fishing Ship |
| 12:50 | Create | Fishing Ship |
| 13:04 | Create | Villager (Male) |
| 13:05 | Create | Villager (Male) |
| 13:24 | Create | Fishing Ship |
| 13:43 | Build | House |
| 13:54 | Create | Villager (Male) |
| 13:54 | Create | Villager (Male) |
| 14:41 | Build | House |
| 14:49 | Create | Fishing Ship |
| 14:57 | Create | Villager (Male) |
| 15:47 | Create | Villager (Male) |
| 15:48 | Create | Villager (Male) |
| 15:57 | Build | House |
| 16:28 | Create | Villager (Male) |
| 16:29 | Create | Villager (Male) |
| 17:35 | Create | Villager (Male) |
| 17:44 | Build | Mill |
| 17:56 | Create | Villager (Male) |
| 17:56 | Create | Villager (Male) |
| 19:16 | Create | Villager (Male) |
| 19:16 | Create | Villager (Male) |
| 21:48 | Build | House |
| 25:21 | Build | Dock |
| 26:28 | Build | Dock |
| 27:16 | Build | Palisade Wall |
| 27:58 | Create | Fishing Ship |
| 27:58 | Create | Fishing Ship |
| 27:59 | Create | Fishing Ship |
| 31:09 | Create | Villager (Male) |
| 31:10 | Create | Villager (Male) |
| 31:10 | Create | Villager (Male) |
| 32:20 | Create | Villager (Male) |
| 32:20 | Create | Villager (Male) |
| 32:20 | Create | Villager (Male) |
| 32:21 | Create | Villager (Male) |
| 33:46 | Create | Villager (Male) |
| 33:47 | Create | Villager (Male) |
| 33:47 | Create | Villager (Male) |
| 33:47 | Create | Villager (Male) |
| 34:53 | Build | Mill |
Build order — TigerGecko
First 150 of 386 actions detected
| 0:01 | Create | Villager (Male) |
| 0:02 | Create | Villager (Male) |
| 0:03 | Build | House |
| 0:04 | Build | House |
| 0:04 | Create | Villager (Male) |
| 0:05 | Create | Villager (Male) |
| 1:31 | Create | Villager (Male) |
| 1:31 | Create | Villager (Male) |
| 1:55 | Create | Villager (Male) |
| 1:55 | Create | Villager (Male) |
| 2:15 | Create | Villager (Male) |
| 2:15 | Create | Villager (Male) |
| 2:37 | Build | Lumber Camp |
| 3:00 | Research | Loom |
| 3:08 | Create | Villager (Male) |
| 3:08 | Create | Villager (Male) |
| 3:08 | Create | Villager (Male) |
| 3:54 | Create | Villager (Male) |
| 3:55 | Create | Villager (Male) |
| 4:02 | Create | Villager (Male) |
| 4:09 | Build | House |
| 4:13 | Create | Villager (Male) |
| 4:50 | Create | Villager (Male) |
| 4:50 | Create | Villager (Male) |
| 4:50 | Create | Villager (Male) |
| 5:56 | Create | Villager (Male) |
| 6:03 | Create | Villager (Male) |
| 6:29 | Build | Mill |
| 6:41 | Create | Villager (Male) |
| 6:42 | Create | Villager (Male) |
| 7:38 | Create | Villager (Male) |
| 7:58 | Create | Villager (Male) |
| 8:12 | Research | Feudal Age |
| 8:37 | Create | Villager (Male) |
| 8:41 | Build | Barracks |
| 8:44 | Build | House |
| 9:37 | Build | Palisade Gate |
| 9:40 | Build | Palisade Wall |
| 10:22 | Age | Feudal Age |
| 10:23 | Build | Stable |
| 10:28 | Research | Double-Bit Axe |
| 10:30 | Research | Horse Collar |
| 10:32 | Create | Villager (Male) |
| 10:44 | Create | Spearman |
| 11:00 | Create | Villager (Male) |
| 11:07 | Create | Scout Cavalry |
| 11:07 | Create | Scout Cavalry |
| 11:17 | Create | Scout Cavalry |
| 11:17 | Create | Villager (Male) |
| 11:38 | Build | Farm |
| 11:39 | Build | Farm |
| 11:40 | Build | Farm |
| 11:46 | Build | Farm |
| 12:03 | Build | Farm |
| 12:10 | Build | Farm |
| 12:22 | Create | Scout Cavalry |
| 12:29 | Create | Villager (Male) |
| 12:29 | Create | Villager (Male) |
| 12:31 | Build | Farm |
| 12:54 | Create | Villager (Male) |
| 12:55 | Create | Villager (Male) |
| 13:04 | Build | Stone Wall |
| 13:16 | Build | Farm |
| 13:35 | Create | Villager (Male) |
| 13:37 | Build | Farm |
| 13:45 | Build | House |
| 13:58 | Create | Villager (Male) |
| 14:13 | Create | Villager (Male) |
| 14:31 | Build | Mining Camp |
| 14:36 | Create | Villager (Male) |
| 14:38 | Build | Farm |
| 14:52 | Build | Farm |
| 15:02 | Build | House |
| 15:05 | Create | Villager (Male) |
| 15:13 | Build | Farm |
| 15:34 | Create | Villager (Male) |
| 15:56 | Build | Stone Wall |
| 16:00 | Build | Gate |
| 16:03 | Create | Villager (Male) |
| 16:07 | Build | Farm |
| 16:10 | Build | Farm |
| 16:11 | Build | Farm |
| 16:14 | Build | Farm |
| 16:18 | Build | Farm |
| 16:19 | Create | Villager (Male) |
| 16:25 | Build | Mining Camp |
| 16:45 | Create | Villager (Male) |
| 16:52 | Build | House |
| 16:57 | Create | Villager (Male) |
| 17:22 | Build | Market |
| 17:46 | Build | Blacksmith |
| 17:52 | Create | Villager (Male) |
| 17:55 | Build | Farm |
| 18:21 | Create | Villager (Male) |
| 18:23 | Research | Castle Age |
| 18:51 | Research | Stone Mining |
| 19:01 | Research | Gold Mining |
| 20:49 | Create | Trade Cart |
| 20:49 | Create | Trade Cart |
| 20:53 | Create | Trade Cart |
| 20:56 | Create | Villager (Male) |
| 21:26 | Age | Castle Age |
| 21:29 | Build | Town Center |
| 21:33 | Research | Bow Saw |
| 21:38 | Research | Heavy Plow |
| 21:43 | Create | Villager (Male) |
| 21:55 | Create | Villager (Male) |
| 22:13 | Build | House |
| 22:45 | Create | Villager (Male) |
| 22:48 | Create | Villager (Male) |
| 22:58 | Build | Town Center |
| 23:14 | Create | Villager (Male) |
| 23:20 | Build | Lumber Camp |
| 23:24 | Build | House |
| 23:38 | Create | Villager (Male) |
| 23:38 | Create | Villager (Male) |
| 23:38 | Create | Villager (Male) |
| 23:39 | Create | Villager (Male) |
| 23:57 | Build | Town Center |
| 24:02 | Create | Villager (Male) |
| 24:03 | Research | Wheelbarrow |
| 24:08 | Create | Villager (Male) |
| 24:20 | Create | Villager (Male) |
| 24:23 | Build | Farm |
| 24:26 | Build | Farm |
| 24:28 | Create | Villager (Male) |
| 24:32 | Create | Villager (Male) |
| 24:33 | Create | Villager (Male) |
| 24:37 | Build | Farm |
| 24:38 | Build | Farm |
| 24:45 | Create | Villager (Male) |
| 24:50 | Create | Villager (Male) |
| 24:53 | Create | Villager (Male) |
| 24:53 | Create | Villager (Male) |
| 24:53 | Create | Villager (Male) |
| 24:56 | Build | Farm |
| 25:00 | Build | Farm |
| 25:04 | Create | Villager (Male) |
| 25:19 | Create | Villager (Male) |
| 25:19 | Create | Villager (Male) |
| 25:19 | Create | Villager (Male) |
| 25:20 | Create | Villager (Male) |
| 25:20 | Create | Villager (Male) |
| 25:24 | Create | Trade Cart |
| 25:24 | Create | Trade Cart |
| 25:43 | Create | Villager (Male) |
| 25:50 | Build | Farm |
| 25:51 | Build | Farm |
| 25:52 | Build | Farm |
| 25:54 | Build | Farm |
Build order — Thundernips, The Ultimate Gigolo
First 150 of 267 actions detected
| 0:00 | Create | Villager (Male) |
| 0:00 | Create | Villager (Male) |
| 0:01 | Create | Villager (Male) |
| 0:01 | Create | Villager (Male) |
| 0:01 | Create | Villager (Male) |
| 0:03 | Build | House |
| 0:04 | Build | House |
| 1:22 | Create | Villager (Male) |
| 1:58 | Create | Villager (Male) |
| 2:12 | Create | Villager (Male) |
| 2:47 | Create | Villager (Male) |
| 2:55 | Create | Villager (Male) |
| 2:55 | Create | Villager (Male) |
| 3:21 | Build | Lumber Camp |
| 3:40 | Create | Villager (Male) |
| 3:41 | Create | Villager (Male) |
| 3:41 | Create | Villager (Male) |
| 4:01 | Build | House |
| 4:27 | Create | Villager (Male) |
| 4:27 | Create | Villager (Male) |
| 4:32 | Create | Villager (Male) |
| 4:50 | Create | Villager (Male) |
| 5:45 | Create | Villager (Male) |
| 5:45 | Create | Villager (Male) |
| 6:27 | Build | House |
| 6:46 | Build | Mill |
| 6:51 | Build | Mill |
| 6:57 | Create | Villager (Male) |
| 7:30 | Research | Feudal Age |
| 8:38 | Build | Barracks |
| 8:45 | Create | Villager (Male) |
| 8:45 | Create | Villager (Male) |
| 9:11 | Build | Palisade Wall |
| 9:41 | Age | Feudal Age |
| 9:43 | Create | Villager (Male) |
| 9:56 | Build | Stable |
| 10:19 | Build | House |
| 10:27 | Build | House |
| 10:41 | Build | Palisade Wall |
| 10:48 | Build | Palisade Wall |
| 10:58 | Create | Villager (Male) |
| 11:11 | Build | Palisade Wall |
| 11:15 | Build | Mining Camp |
| 11:18 | Create | Scout Cavalry |
| 11:19 | Create | Villager (Male) |
| 11:49 | Research | Wheelbarrow |
| 12:46 | Build | Market |
| 12:47 | Create | Villager (Male) |
| 12:54 | Research | Town Watch |
| 13:06 | Build | Outpost |
| 13:08 | Build | Palisade Wall |
| 13:21 | Build | Blacksmith |
| 13:30 | Research | Loom |
| 13:41 | Research | Double-Bit Axe |
| 14:01 | Research | Castle Age |
| 14:03 | Build | Mining Camp |
| 15:04 | Build | House |
| 15:05 | Build | House |
| 15:41 | Research | Tech 1014 |
| 15:48 | Research | Gold Mining |
| 16:06 | Create | Villager (Male) |
| 16:20 | Build | Pasture |
| 16:23 | Build | Pasture |
| 16:24 | Create | Villager (Male) |
| 16:36 | Build | Pasture |
| 16:41 | Age | Castle Age |
| 16:56 | Build | Siege Workshop |
| 17:01 | Create | Fire Lancer |
| 17:02 | Create | Fire Lancer |
| 17:03 | Create | Villager (Male) |
| 17:04 | Create | Villager (Male) |
| 17:05 | Create | Villager (Male) |
| 17:38 | Create | Villager (Male) |
| 17:40 | Build | Pasture |
| 17:43 | Create | Fire Lancer |
| 18:21 | Create | Battering Ram |
| 18:29 | Create | Fire Lancer |
| 18:31 | Research | Forging |
| 18:31 | Research | Forging |
| 18:31 | Create | Villager (Male) |
| 18:39 | Create | Villager (Male) |
| 18:43 | Create | Fire Lancer |
| 19:10 | Build | House |
| 19:13 | Build | House |
| 19:13 | Build | House |
| 19:14 | Build | House |
| 19:14 | Build | House |
| 19:14 | Build | House |
| 19:17 | Build | House |
| 19:18 | Build | House |
| 19:25 | Create | Villager (Male) |
| 19:35 | Create | Fire Lancer |
| 19:41 | Create | Battering Ram |
| 19:41 | Create | Battering Ram |
| 19:48 | Create | Villager (Male) |
| 20:02 | Create | Fire Lancer |
| 20:03 | Research | Iron Casting |
| 20:20 | Create | Villager (Male) |
| 20:26 | Build | Barracks |
| 20:38 | Create | Fire Lancer |
| 20:39 | Create | Villager (Male) |
| 21:00 | Create | Fire Lancer |
| 21:10 | Create | Iron Pagoda |
| 21:10 | Create | Iron Pagoda |
| 21:11 | Create | Villager (Male) |
| 21:48 | Research | Squires |
| 21:49 | Create | Fire Lancer |
| 21:49 | Create | Fire Lancer |
| 21:50 | Create | Villager (Male) |
| 21:50 | Create | Villager (Male) |
| 22:11 | Create | Villager (Male) |
| 22:30 | Research | Arson |
| 22:58 | Create | Fire Lancer |
| 22:58 | Create | Fire Lancer |
| 22:58 | Create | Fire Lancer |
| 22:58 | Create | Fire Lancer |
| 23:44 | Create | Battering Ram |
| 23:44 | Create | Battering Ram |
| 23:45 | Create | Villager (Male) |
| 23:57 | Create | Villager (Male) |
| 24:03 | Create | Battering Ram |
| 24:06 | Create | Fire Lancer |
| 24:07 | Create | Fire Lancer |
| 24:09 | Research | Scale Mail Armor |
| 24:29 | Create | Villager (Male) |
| 24:43 | Build | Pasture |
| 24:45 | Build | Pasture |
| 24:48 | Create | Villager (Male) |
| 24:50 | Build | House |
| 24:51 | Build | House |
| 24:52 | Research | Tech 1013 |
| 24:53 | Research | Tech 1013 |
| 24:56 | Research | Bow Saw |
| 25:21 | Create | Villager (Male) |
| 26:07 | Create | Villager (Male) |
| 26:11 | Create | Fire Lancer |
| 26:11 | Create | Fire Lancer |
| 26:11 | Create | Fire Lancer |
| 26:12 | Create | Fire Lancer |
| 26:19 | Create | Villager (Male) |
| 26:20 | Create | Villager (Male) |
| 26:26 | Create | Fire Lancer |
| 26:26 | Create | Fire Lancer |
| 26:39 | Create | Fire Lancer |
| 26:45 | Research | Arson |
| 26:47 | Research | Gambesons |
| 26:48 | Research | Chain Mail Armor |
| 26:49 | Create | Villager (Male) |
| 26:49 | Create | Villager (Male) |
| 28:14 | Create | Villager (Male) |
Build order — gyNNNNN
First 150 of 251 actions detected
| 0:01 | Create | Villager (Male) |
| 0:01 | Create | Villager (Male) |
| 0:01 | Create | Villager (Male) |
| 0:01 | Create | Villager (Male) |
| 0:02 | Research | Loom |
| 0:02 | Research | Loom |
| 0:04 | Build | House |
| 0:04 | Build | House |
| 1:41 | Create | Villager (Male) |
| 1:41 | Create | Villager (Male) |
| 1:41 | Create | Villager (Male) |
| 1:41 | Create | Villager (Male) |
| 1:41 | Create | Villager (Male) |
| 1:43 | Build | House |
| 2:00 | Create | Villager (Male) |
| 2:00 | Create | Villager (Male) |
| 2:00 | Create | Villager (Male) |
| 2:00 | Create | Villager (Male) |
| 2:00 | Create | Villager (Male) |
| 2:00 | Create | Villager (Male) |
| 2:18 | Create | Villager (Male) |
| 2:18 | Create | Villager (Male) |
| 2:18 | Create | Villager (Male) |
| 2:18 | Create | Villager (Male) |
| 2:18 | Create | Villager (Male) |
| 3:17 | Build | Palisade Wall |
| 3:21 | Create | Villager (Male) |
| 3:21 | Create | Villager (Male) |
| 3:21 | Create | Villager (Male) |
| 3:21 | Create | Villager (Male) |
| 3:21 | Create | Villager (Male) |
| 4:00 | Create | Villager (Male) |
| 4:00 | Create | Villager (Male) |
| 4:00 | Create | Villager (Male) |
| 4:00 | Create | Villager (Male) |
| 4:00 | Create | Villager (Male) |
| 5:09 | Build | Palisade Wall |
| 5:10 | Create | Villager (Male) |
| 5:10 | Create | Villager (Male) |
| 5:29 | Build | Lumber Camp |
| 5:33 | Create | Villager (Male) |
| 5:48 | Build | Palisade Wall |
| 6:28 | Build | Palisade Wall |
| 6:32 | Build | Palisade Wall |
| 6:56 | Create | Villager (Male) |
| 6:56 | Create | Villager (Male) |
| 6:56 | Create | Villager (Male) |
| 6:56 | Create | Villager (Male) |
| 7:48 | Build | House |
| 8:10 | Build | Palisade Wall |
| 8:18 | Build | Palisade Wall |
| 8:34 | Build | Palisade Wall |
| 8:39 | Create | Villager (Male) |
| 9:20 | Create | Villager (Male) |
| 9:32 | Create | Villager (Male) |
| 9:43 | Build | Mill |
| 9:52 | Build | Palisade Wall |
| 9:56 | Build | House |
| 10:02 | Create | Villager (Male) |
| 10:02 | Create | Villager (Male) |
| 10:26 | Build | House |
| 10:30 | Build | Palisade Wall |
| 10:46 | Create | Villager (Male) |
| 10:46 | Create | Villager (Male) |
| 10:54 | Create | Villager (Male) |
| 10:54 | Create | Villager (Male) |
| 10:54 | Create | Villager (Male) |
| 10:59 | Build | House |
| 11:28 | Create | Villager (Male) |
| 11:54 | Create | Villager (Male) |
| 11:54 | Create | Villager (Male) |
| 12:02 | Build | House |
| 12:11 | Create | Villager (Male) |
| 12:11 | Create | Villager (Male) |
| 12:11 | Create | Villager (Male) |
| 12:11 | Create | Villager (Male) |
| 12:15 | Build | House |
| 12:53 | Create | Villager (Male) |
| 13:03 | Build | Palisade Wall |
| 13:44 | Create | Villager (Male) |
| 13:57 | Create | Villager (Male) |
| 14:03 | Create | Villager (Male) |
| 14:36 | Create | Villager (Male) |
| 14:40 | Build | Lumber Camp |
| 14:45 | Create | Villager (Male) |
| 15:03 | Create | Villager (Male) |
| 15:49 | Build | Dock |
| 15:55 | Create | Villager (Male) |
| 16:25 | Create | Villager (Male) |
| 16:42 | Create | Fishing Ship |
| 16:57 | Build | Mining Camp |
| 17:02 | Create | Villager (Male) |
| 17:36 | Build | House |
| 17:38 | Create | Villager (Male) |
| 17:51 | Research | Feudal Age |
| 17:51 | Research | Feudal Age |
| 17:51 | Research | Feudal Age |
| 17:51 | Research | Feudal Age |
| 17:51 | Research | Feudal Age |
| 17:51 | Research | Feudal Age |
| 17:51 | Research | Feudal Age |
| 17:51 | Research | Feudal Age |
| 17:51 | Research | Feudal Age |
| 17:51 | Research | Feudal Age |
| 17:51 | Research | Feudal Age |
| 18:26 | Create | Fishing Ship |
| 19:10 | Build | Mining Camp |
| 19:15 | Create | Fishing Ship |
| 19:15 | Create | Fishing Ship |
| 19:27 | Build | Palisade Wall |
| 19:29 | Build | Palisade Wall |
| 19:49 | Create | Fishing Ship |
| 20:01 | Age | Feudal Age |
| 20:08 | Build | Stone Wall |
| 20:09 | Create | Villager (Male) |
| 20:09 | Create | Villager (Male) |
| 20:16 | Build | Watch Tower |
| 20:23 | Create | Villager (Male) |
| 20:23 | Create | Villager (Male) |
| 20:28 | Build | Market |
| 20:36 | Create | Fishing Ship |
| 20:37 | Create | Fishing Ship |
| 21:01 | Build | Fish Trap |
| 21:05 | Create | Villager (Male) |
| 21:05 | Create | Villager (Male) |
| 21:41 | Build | Stone Wall |
| 21:42 | Build | Stone Wall |
| 22:03 | Create | Villager (Male) |
| 22:03 | Create | Villager (Male) |
| 22:03 | Create | Villager (Male) |
| 22:15 | Build | House |
| 22:16 | Build | House |
| 22:29 | Create | Villager (Male) |
| 22:29 | Create | Villager (Male) |
| 22:29 | Create | Villager (Male) |
| 23:33 | Create | Villager (Male) |
| 23:33 | Create | Villager (Male) |
| 23:36 | Build | Farm |
| 23:37 | Build | Farm |
| 23:37 | Build | Farm |
| 23:40 | Create | Fishing Ship |
| 24:01 | Build | Farm |
| 24:04 | Build | Farm |
| 24:35 | Build | Farm |
| 24:37 | Create | Fishing Ship |
| 24:43 | Build | Watch Tower |
| 24:47 | Create | Villager (Male) |
| 24:47 | Create | Villager (Male) |
| 24:47 | Create | Villager (Male) |
| 24:48 | Create | Villager (Male) |
Build order — BruToO
First 150 of 262 actions detected
| 0:03 | Research | Loom |
| 0:03 | Research | Loom |
| 0:04 | Create | Villager (Male) ×3 |
| 0:05 | Build | House |
| 0:07 | Build | House |
| 0:56 | Build | Palisade Wall |
| 1:39 | Create | Villager (Male) |
| 1:39 | Create | Villager (Male) |
| 2:19 | Build | Palisade Wall |
| 2:32 | Create | Villager (Male) |
| 2:33 | Create | Villager (Male) |
| 2:58 | Build | House |
| 3:06 | Create | Villager (Male) |
| 3:06 | Create | Villager (Male) |
| 3:18 | Build | Palisade Wall |
| 3:41 | Create | Villager (Male) |
| 3:42 | Create | Villager (Male) |
| 3:42 | Create | Villager (Male) |
| 4:08 | Create | Villager (Male) |
| 4:09 | Create | Villager (Male) |
| 4:34 | Create | Villager (Male) |
| 4:35 | Create | Villager (Male) |
| 5:23 | Create | Villager (Male) |
| 6:04 | Create | Villager (Male) |
| 6:07 | Build | Lumber Camp |
| 6:16 | Create | Villager (Male) |
| 6:57 | Create | Villager (Male) |
| 7:03 | Create | Villager (Male) |
| 7:11 | Create | Villager (Male) |
| 7:37 | Build | House |
| 7:47 | Build | Mill |
| 7:53 | Create | Villager (Male) |
| 8:21 | Create | Villager (Male) |
| 8:40 | Research | Feudal Age |
| 8:40 | Research | Feudal Age |
| 9:03 | Build | Palisade Wall |
| 9:47 | Build | Mining Camp |
| 10:26 | Build | House |
| 10:56 | Age | Feudal Age |
| 10:56 | Create | Villager (Male) |
| 11:04 | Build | Gate |
| 11:17 | Build | Gate |
| 11:31 | Create | Villager (Male) |
| 11:35 | Build | Stone Wall |
| 11:54 | Create | Villager (Male) |
| 12:06 | Create | Villager (Male) |
| 12:34 | Build | Watch Tower |
| 12:44 | Create | Villager (Male) |
| 12:52 | Build | Stone Wall |
| 12:59 | Create | Villager (Male) |
| 13:23 | Research | Wheelbarrow |
| 13:27 | Build | House |
| 13:32 | Research | Double-Bit Axe |
| 13:51 | Build | Watch Tower |
| 13:57 | Create | Villager (Male) |
| 14:08 | Create | Villager (Male) |
| 14:35 | Build | Watch Tower |
| 14:41 | Create | Villager (Male) |
| 14:47 | Build | Blacksmith |
| 14:53 | Create | Villager (Male) |
| 15:06 | Research | Horse Collar |
| 15:46 | Research | Fletching |
| 15:57 | Build | Farm |
| 15:57 | Build | Farm |
| 15:57 | Build | Farm |
| 15:58 | Build | Farm |
| 15:58 | Build | Farm |
| 16:03 | Create | Villager (Male) |
| 16:19 | Build | Stone Wall |
| 16:24 | Create | Villager (Male) |
| 16:49 | Build | House |
| 16:53 | Build | Mining Camp |
| 17:01 | Build | Farm |
| 17:24 | Build | Farm |
| 17:36 | Build | Farm |
| 17:46 | Build | Farm |
| 17:54 | Create | Villager (Male) |
| 17:58 | Create | Villager (Male) |
| 18:31 | Create | Villager (Male) |
| 18:37 | Build | Market |
| 18:47 | Create | Villager (Male) |
| 18:48 | Create | Villager (Male) |
| 18:49 | Create | Villager (Male) |
| 19:27 | Research | Castle Age |
| 19:46 | Build | Dock |
| 20:14 | Research | Stone Mining |
| 20:15 | Research | Stone Mining |
| 20:26 | Create | Fishing Ship |
| 20:38 | Build | House |
| 21:28 | Create | Fishing Ship |
| 21:35 | Build | House |
| 21:36 | Build | House |
| 21:37 | Build | House |
| 22:14 | Age | Castle Age |
| 22:17 | Build | Town Center |
| 22:25 | Create | Villager (Male) |
| 22:29 | Create | Villager (Male) |
| 22:39 | Build | Town Center |
| 22:47 | Build | Town Center |
| 22:55 | Research | Bow Saw |
| 23:10 | Create | Villager (Male) |
| 23:17 | Create | Villager (Male) |
| 23:23 | Create | Villager (Male) |
| 23:29 | Create | Villager (Male) |
| 23:43 | Build | Castle |
| 23:51 | Build | Castle |
| 23:55 | Create | Villager (Male) |
| 23:55 | Create | Villager (Male) |
| 23:57 | Build | Farm |
| 23:57 | Build | Farm |
| 23:58 | Build | Farm |
| 23:58 | Build | Farm |
| 23:58 | Build | Farm |
| 23:58 | Build | Farm |
| 24:02 | Create | Villager (Male) |
| 24:08 | Build | Lumber Camp |
| 24:11 | Create | Villager (Male) |
| 24:12 | Create | Villager (Male) |
| 24:15 | Build | Farm |
| 24:15 | Build | Farm |
| 24:16 | Build | Farm |
| 24:16 | Build | Farm |
| 24:16 | Build | Farm |
| 24:18 | Create | Villager (Male) |
| 24:44 | Build | Town Center |
| 24:46 | Create | Villager (Male) |
| 24:53 | Create | Villager (Male) |
| 24:54 | Create | Villager (Male) |
| 24:54 | Create | Villager (Male) |
| 24:57 | Create | Fishing Ship |
| 25:10 | Create | Plumed Archer |
| 25:10 | Create | Plumed Archer |
| 25:14 | Build | Farm |
| 25:16 | Create | Villager (Male) |
| 25:20 | Create | Villager (Male) |
| 25:24 | Build | Farm |
| 25:31 | Create | Villager (Male) |
| 25:31 | Create | Villager (Male) |
| 25:34 | Create | Plumed Archer |
| 25:37 | Research | Padded Archer Armor |
| 25:39 | Create | Villager (Male) |
| 25:40 | Create | Villager (Male) |
| 25:49 | Create | Villager (Male) |
| 25:57 | Create | Villager (Male) |
| 25:57 | Create | Villager (Male) |
| 26:02 | Create | Villager (Male) |
| 26:03 | Create | Plumed Archer |
| 26:09 | Create | Villager (Male) |
| 26:18 | Build | Farm |
| 26:19 | Build | Farm |
Match timeline
| 0:56 | BruToO · wall_segment Palisade Wall x11 |
| 2:19 | BruToO · wall_segment Palisade Wall x5 |
| 3:17 | gyNNNNN · wall_segment Palisade Wall x12 |
| 3:18 | BruToO · wall_segment Palisade Wall x7 |
| 4:06 | KristianIII · first_building Dock |
| 4:24 | busy pushing deer · first_building Dock |
| 4:56 | lichu_pastore · first_building Dock |
| 5:09 | gyNNNNN · wall_segment Palisade Wall x8 |
| 5:48 | gyNNNNN · wall_segment Palisade Wall x5 |
| 6:28 | gyNNNNN · wall_segment Palisade Wall x1 |
| 6:32 | gyNNNNN · wall_segment Palisade Wall x1 |
| 8:10 | gyNNNNN · wall_segment Palisade Wall x6 |
| 8:18 | gyNNNNN · wall_segment Palisade Wall x9 |
| 8:34 | gyNNNNN · wall_segment Palisade Wall x9 |
| 8:38 | Thundernips, The Ultimate Gigolo · first_building Barracks |
| 8:41 | TigerGecko · first_building Barracks |
| 9:03 | BruToO · wall_segment Palisade Wall x8 |
| 9:11 | Thundernips, The Ultimate Gigolo · wall_segment Palisade Wall x11 |
| 9:40 | TigerGecko · wall_segment Palisade Wall x4 |
| 9:41 | Thundernips, The Ultimate Gigolo · age_up feudal |
| 9:52 | gyNNNNN · wall_segment Palisade Wall x8 |
| 9:55 | KristianIII · first_building Barracks |
| 9:56 | Thundernips, The Ultimate Gigolo · first_building Stable |
| 10:05 | Retired SweatLord · first_building Dock |
| 10:10 | Retired SweatLord · wall_segment Palisade Wall x1 |
| 10:11 | Retired SweatLord · wall_segment Palisade Wall x1 |
| 10:21 | Retired SweatLord · wall_segment Palisade Wall x1 |
| 10:22 | TigerGecko · age_up feudal |
| 10:23 | Retired SweatLord · wall_segment Palisade Wall x1 |
| 10:23 | TigerGecko · first_building Stable |
| 10:30 | gyNNNNN · wall_segment Palisade Wall x12 |
| 10:41 | Thundernips, The Ultimate Gigolo · wall_segment Palisade Wall x1 |
| 10:48 | Thundernips, The Ultimate Gigolo · wall_segment Palisade Wall x1 |
| 10:56 | BruToO · age_up feudal |
| 11:11 | Thundernips, The Ultimate Gigolo · wall_segment Palisade Wall x7 |
| 11:35 | BruToO · wall_segment Stone Wall x10 |
| 11:36 | KristianIII · first_building Stable |
| 11:38 | KristianIII · wall_segment Palisade Wall x1 |
| 11:39 | KristianIII · wall_segment Palisade Wall x1 |
| 11:41 | KristianIII · wall_segment Palisade Wall x1 |
| 11:58 | busy pushing deer · age_up feudal |
| 12:13 | lichu_pastore · age_up feudal |
| 12:42 | lichu_pastore · first_building Barracks |
| 12:52 | BruToO · wall_segment Stone Wall x9 |
| 13:03 | gyNNNNN · wall_segment Palisade Wall x5 |
| 13:04 | TigerGecko · wall_segment Stone Wall x7 |
| 13:06 | KristianIII · first_market_sell 100 food |
| 13:08 | Thundernips, The Ultimate Gigolo · wall_segment Palisade Wall x1 |
| 15:45 | KristianIII · first_market_buy 100 wood |
| 15:47 | busy pushing deer · age_up castle |
| 15:49 | gyNNNNN · first_building Dock |
| 15:56 | TigerGecko · wall_segment Stone Wall x19 |
| 15:57 | lichu_pastore · first_market_buy 100 wood |
| 16:08 | lichu_pastore · age_up castle |
| 16:15 | lichu_pastore · first_building Siege Workshop |
| 16:19 | BruToO · wall_segment Stone Wall x7 |
| 16:41 | Thundernips, The Ultimate Gigolo · age_up castle |
| 16:56 | Thundernips, The Ultimate Gigolo · first_building Siege Workshop |
| 18:13 | busy pushing deer · first_market_buy 100 stone |
| 19:25 | BruToO · first_market_sell 100 food |
| 19:27 | gyNNNNN · wall_segment Palisade Wall x1 |
| 19:29 | gyNNNNN · wall_segment Palisade Wall x3 |
| 19:40 | Thundernips, The Ultimate Gigolo · first_market_buy 100 wood |
| 19:44 | KristianIII · first_building Siege Workshop |
| 19:46 | BruToO · first_building Dock |
| 20:01 | gyNNNNN · age_up feudal |
| 20:08 | gyNNNNN · wall_segment Stone Wall x10 |
| 20:26 | busy pushing deer · first_building Monastery |
| 21:26 | TigerGecko · age_up castle |
| 21:41 | gyNNNNN · wall_segment Stone Wall x5 |
| 21:42 | gyNNNNN · wall_segment Stone Wall x12 |
| 22:14 | BruToO · age_up castle |
| 23:43 | BruToO · first_building Castle |
| 24:05 | busy pushing deer · first_building Barracks |
| 24:26 | BruToO · first_market_buy 100 wood |
| 24:32 | KristianIII · first_building Castle |
| 24:53 | busy pushing deer · first_building Archery Range |
| 24:57 | busy pushing deer · first_market_sell 100 food |
| 25:04 | gyNNNNN · wall_segment Stone Wall x4 |
| 25:08 | gyNNNNN · wall_segment Stone Wall x11 |
| 25:56 | gyNNNNN · first_market_buy 100 food |
| 26:41 | Thundernips, The Ultimate Gigolo · first_market_sell 100 wood |
| 27:06 | TigerGecko · first_building Monastery |
| 27:16 | Retired SweatLord · wall_segment Palisade Wall x1 |
| 27:27 | gyNNNNN · wall_segment Palisade Wall x1 |
| 27:28 | gyNNNNN · wall_segment Palisade Wall x1 |
| 27:42 | BruToO · wall_segment Stone Wall x9 |
| 27:45 | gyNNNNN · wall_segment Palisade Wall x1 |
| 28:17 | busy pushing deer · age_up imperial |
| 28:27 | BruToO · wall_segment Stone Wall x4 |
| 28:29 | BruToO · wall_segment Stone Wall x5 |
| 28:32 | gyNNNNN · wall_segment Palisade Wall x1 |
| 28:35 | gyNNNNN · wall_segment Palisade Wall x1 |
| 28:36 | gyNNNNN · wall_segment Palisade Wall x1 |
| 28:37 | gyNNNNN · wall_segment Palisade Wall x1 |
| 28:40 | busy pushing deer · first_building Castle |
| 28:41 | gyNNNNN · wall_segment Palisade Wall x1 |
| 28:58 | gyNNNNN · wall_segment Palisade Wall x1 |
| 28:59 | BruToO · wall_segment Stone Wall x4 |
| 29:25 | gyNNNNN · wall_segment Stone Wall x3 |
| 29:39 | KristianIII · wall_segment Stone Wall x8 |
| 29:50 | TigerGecko · first_market_sell 100 wood |
| 29:57 | TigerGecko · first_building Castle |
| 30:05 | busy pushing deer · tribute_sent a jugador 2 |
| 30:05 | busy pushing deer · tribute_sent a jugador 3 |
| 30:05 | busy pushing deer · tribute_sent a jugador 4 |
| 30:05 | busy pushing deer · tribute_sent a jugador 5 |
| 30:05 | busy pushing deer · tribute_sent a jugador 6 |
| 30:05 | busy pushing deer · tribute_sent a jugador 7 |
| 30:05 | busy pushing deer · tribute_sent a jugador 8 |
| 31:00 | gyNNNNN · wall_segment Stone Wall x5 |
| 31:02 | gyNNNNN · wall_segment Stone Wall x1 |
| 31:04 | gyNNNNN · wall_segment Stone Wall x5 |
| 31:08 | gyNNNNN · wall_segment Stone Wall x1 |
| 32:18 | BruToO · first_building Barracks |
| 32:43 | gyNNNNN · first_building Barracks |
| 32:51 | BruToO · first_building Archery Range |
| 32:55 | gyNNNNN · wall_segment Stone Wall x1 |
| 33:11 | busy pushing deer · tribute_sent a jugador 2 |
| 33:11 | busy pushing deer · tribute_sent a jugador 3 |
| 33:11 | busy pushing deer · tribute_sent a jugador 4 |
| 33:11 | busy pushing deer · tribute_sent a jugador 5 |
| 33:11 | busy pushing deer · tribute_sent a jugador 6 |
| 33:11 | busy pushing deer · tribute_sent a jugador 7 |
| 33:11 | busy pushing deer · tribute_sent a jugador 8 |
| 33:18 | BruToO · age_up imperial |
| 33:25 | gyNNNNN · age_up castle |
| 33:59 | TigerGecko · age_up imperial |
| 34:28 | gyNNNNN · first_building Krepost |
| 34:53 | Thundernips, The Ultimate Gigolo · first_building Archery Range |
| 35:34 | gyNNNNN · first_building Siege Workshop |
| 37:05 | KristianIII · resign |
[ AI ANALYSIS · 1 CREDIT ]
What really happened in this match?
Wolo.gg analyzes every decision: build order, eco, micro, common mistakes by bracket. Personalized analysis on WhatsApp or Discord in 30 seconds.
Civ guide
Slavs
Perfil
lichu_pastore